 Dungeon Crawl Stone Soup version 0.19-a0-43-gc85460c (webtiles) character file.

17 AlphabetPasta the Gusty (level 2, -16/13 HPs)
             Began as a Vine Stalker Air Elementalist on May 4, 2016.
             Demolished by a gnoll
             ... wielding a +0 halberd
              (18 damage)
             ... on level 2 of the Dungeon.
             The game lasted 00:04:41 (1080 turns).

AlphabetPasta the Gusty (VSAE)                      Turns: 1080, Time: 00:04:41

Health: -16/13     AC:  2    Str: 10    XL:     2   Next: 62%
Magic:  0/6        EV: 12    Int: 15    God:
Gold:   51         SH:  0    Dex: 14    Spells: 2 memorised, 3 levels left

rFire  . . .     SeeInvis .     (no weapon)
rCold  . . .     Gourm    .     a - +0 robe
rNeg   . . .     Faith    .     (no shield)
rPois  .         Spirit   +     (no helmet)
rElec  .         Dismiss  .     (no cloak)
rCorr  .         Reflect  .     (no gloves)
SustAt .         Harm     .     (no boots)
MR     .....                    (no amulet)
Stlth  ++........               (no ring)
                                (no ring)

@: repel missiles, not resistant to hostile enchantments, unstealthy
A: fangs 2, regeneration 1, magic shield, antimagic bite, no device heal 3, rot
immunity
a: no special abilities


You were on level 2 of the Dungeon.
You were not hungry.

You visited 1 branch of the dungeon, and saw 2 of its levels.

You collected 51 gold pieces.

Inventory:

Armour
 a - a +0 robe (worn)
 j - a +0 buckler
Jewellery
 f - an uncursed ring of protection from magic {unknown}
Scrolls
 e - 4 scrolls of teleportation {unknown}
 g - a scroll of enchant armour {unknown}
 i - a scroll of identify {unknown}
Potions
 h - a potion of mutation {unknown}
Books
 b - a book of Air

   Spells                             Type                      Level
   a - Shock                          Conjuration/Air              1
   b - Swiftness                      Charms/Air                   2
   c - Repel Missiles                 Charms/Air                   2
   d - Static Discharge               Conjuration/Air              3
   e - Lightning Bolt                 Conjuration/Air              5
Comestibles
 c - 2 bread rations
 d - 4 chunks of flesh


   Skills:
 - Level 1.7 Dodging
 - Level 2.4 Stealth
 + Level 0.1 Shields
 + Level 2.6 Spellcasting
 + Level 1.2 Conjurations
 * Level 3.3 Air Magic


You had 3 spell levels left.
You knew the following spells:

 Your Spells              Type           Power        Failure   Level  Hunger
a - Shock                 Conj/Air       #...         12%         1    #......
b - Repel Missiles        Chrm/Air       #.....       17%         2    ###....


Dungeon Overview and Level Annotations

Branches:
Dungeon (2/15)

Altars:


Innate Abilities, Weirdness & Mutations

You have extremely sharp teeth.
Your natural rate of healing is unusually fast.
When hurt, damage is shared between your health and your magic reserves.
Your bite disrupts and absorbs the magic of your enemies.
Potions and wands cannot restore your health.
You are immune to rotting.


Message History

Press: ? - help, Shift-Dir - straight line, f/p - gnoll
Aim: a gnoll, wielding a halberd (almost dead)
The zap misses the gnoll.
The gnoll barely misses you.
Casting: Shock
Confirm with . or Enter, or press ? or * to list all spells.
Aiming: Shock
Press: ? - help, Shift-Dir - straight line, f/p - gnoll
Aim: a gnoll, wielding a halberd (almost dead)
The zap misses the gnoll.
The gnoll closely misses you. The gnoll hits you with a halberd!
Ouch! That really hurt!
* * * LOW HITPOINT WARNING * * *
You hit the gnoll.
The gnoll is almost dead.
Unknown command.
You closely miss the gnoll. You bite the gnoll, but do no damage.
The gnoll is almost dead.
The gnoll hits you with a halberd!!
Ouch! That really hurt!
You die...

# #####
###.#######...##########
#.....g@....#..#........
#.#.#######....).#######
.. ##.....# ##### ...
#.....# #.... ...
#.#.#.# #.### #.
#.........### #
###.#.[......
##+######### ##...##


You could see a gnoll.

Vanquished Creatures
  2 giant cockroaches (D:1)
  A goblin (D:2)
  3 hobgoblins
  2 kobolds (D:1)
  3 bats (D:1)
  2 giant newts
  3 rats (D:1)
16 creatures vanquished.

Notes
Turn   | Place    | Note
--------------------------------------------------------------
     0 | D:1      | AlphabetPasta the Vine Stalker Air Elementalist began the quest for the Orb.
     0 | D:1      | Reached XP level 1. HP: 9/9 MP: 4/4
   154 | D:1      | Reached XP level 2. HP: 13/13 MP: 0/6
   164 | D:1      | Learned a level 2 spell: Repel Missiles
  1080 | D:2      | Demolished by a gnoll

Vault maps used:
D:1:      tarquinn_simple_flora_water_b, grunt_decor_mini_mirrors
D:2:      yredelemnul_altar_generic, first_bread

Action                   || total
-------------------------++-------
Melee: Unarmed           ||     7
       Bite              ||     3
 Cast: Shock             ||    38
       Repel Missiles    ||     2
  Eat: Chunk             ||     1
Armor: Robe              ||     5
Dodge: Dodged            ||     7
       Deflected         ||     1
